 Dungeon Crawl Stone Soup version 0.19.5 (webtiles) character file.

1605 Nelagord the Covert (level 8, -2/60 HPs)
             Began as an Octopode Assassin on Mar 16, 2017.
             Was an Initiate of Dithmenos.
             Killed from afar by a hell hound (9 damage)
             ... with a blast of flame
             ... on level 8 of the Dungeon.
             The game lasted 00:15:29 (5228 turns).

Nelagord the Covert (Octopode Assassin)             Turns: 5228, Time: 00:15:30

Health: -2/60      AC:  8    Str: 10    XL:     8   Next: 94%
Magic:  8/8        EV: 18    Int: 13    God:    Dithmenos [......]
Gold:   282        SH:  0    Dex: 16    Spells: 0 memorised, 7 levels left

rFire  . . .     SeeInvis .     d - +1 dagger (protect)
rCold  . . .     Gourm    .     (no shield)
rNeg   . . .     Faith    .     (helmet restricted)
rPois  .         Spirit   .     (no amulet)
rElec  .         Reflect  .     (no ring)
rCorr  .         Harm     .     (no ring)
MR     .....                    (no ring)
Stlth  +++++.....               (no ring)
                                (no ring)
                                (no ring)
                                (no ring)
                                (no ring)

@: protection aura
A: almost no armour, stealthy swim, amphibious, 8 rings, constrict 8, camouflage
1, gelatinous body 1
a: Renounce Religion


You were on level 8 of the Dungeon.
You worshipped Dithmenos.
Dithmenos was noncommittal.
You were not hungry.

You visited 1 branch of the dungeon, and saw 6 of its levels.
You also visited: Ossuary.

You collected 282 gold pieces.

Inventory:

Hand Weapons
 d - a +1 dagger of protection (weapon)
Missiles
 a - 15 poisoned needles
 c - 2 silver tomahawks (quivered)
Wands
 b - a wand of paralysis (13/24)
 f - a wand of flame (16/48)
 j - a wand of iceblast (8/15)
Scrolls
 e - 2 scrolls of remove curse
 g - a scroll of recharging {unknown}
 h - 2 scrolls of enchant weapon
 i - a scroll of holy word {unknown}
 m - a scroll of torment {unknown}
Potions
 k - a potion of flight
Books
 l - a book of Frost

   Spells                             Type                      Level
   a - Freeze                         Ice                          1
   b - Throw Frost                    Conjuration/Ice              2
   c - Ozocubu's Armour               Charms/Ice                   3
   d - Throw Icicle                   Conjuration/Ice              4
   e - Summon Ice Beast               Ice/Summoning                4
Comestibles
 n - a meat ration
 o - a slice of pizza


   Skills:
 * Level 7.1 Fighting
 - Level 2.0 Short Blades
 - Level 2.0 Throwing
 * Level 7.0 Dodging
 + Level 8.7 Stealth


You had 7 spell levels left.
You didn't know any spells.

Dungeon Overview and Level Annotations

Branches:
Dungeon (8/15)               Lair (0/6) D:8
 Temple: D:4-7

Altars:
Dithmenos
Nemelex Xobeh
Ru
Trog


Innate Abilities, Weirdness & Mutations

You cannot wear most types of armour.
You are very stealthy in the water. (Stealth+)
You are amphibious.
You can wear up to eight rings at the same time.
You can use your tentacles to constrict eight enemies at once.
Your skin changes colour to match your surroundings (Stealth+).
Your rubbery body absorbs attacks. (AC +1, EV +1)


Message History

The hell hound misses you.
You hit the hell hound.
You kill the hell hound!
Dithmenos accepts your kill.
Dithmenos appreciates your extinguishing a source of fire.
Your Dodging skill increases to level 7!
The hell hound barely misses you.
You hit the hell hound but do no damage.
You grab the hell hound. You constrict the hell hound.
The hell hound bites you!
The hell hound bites you but does no damage.
You hit the hell hound.
The hell hound is lightly wounded.
You constrict the hell hound. The hell hound bites you!
* * * LOW HITPOINT WARNING * * *
Okay, then.
You release your grip on the hell hound.
The hell hound breathes flames at you. The blast of flame hits you!
You die...

..#...§§≈§§§.# .
...#..§§§§≈§.# .#
.....≈§§§≈≈.## #.# .
#..≈§§§§§≈..##..# ...
#§§≈.§§≈≈.....#
....#§≈§≈≈§§......#
.....§h≈≈§........#
......†.......##..###.
.....###@..###........
... #.............# .
# ##....#.........
#.###...##..........
.......##..........
......<...........#
##........>.....#
#..........#...#
#...#..##...##(..


You could see a hell hound.

Vanquished Creatures
  A cyclops (D:6)
  A hell hound (D:8)
  A sky beast (D:7)
  3 bullfrogs
  A gnoll sergeant (D:7)
  3 water moccasin zombies (Ossuary)
  A bullfrog zombie (D:6)
  2 crimson imps (D:7)
  2 hounds
  An orc priest (D:6)
  3 orc wizards
  2 worker ants
  A killer bee zombie (D:7)
  2 big kobold zombies (Ossuary)
  A hound skeleton (D:3)
  2 mummies (Ossuary)
  3 gnolls (D:7)
  2 adders
  2 shadow imps
  3 adder zombies (Ossuary)
  An ooze (D:1)
  An adder skeleton (D:6)
  A dart slug (D:1)
  2 leopard geckos
  12 orcs
  8 bats
  5 giant cockroaches
  4 gnoll zombies (Ossuary)
  6 hobgoblins
  10 jackals
  3 quokkas
  2 ball pythons
  6 frilled lizards
  6 goblins
  3 hobgoblin zombies (Ossuary)
  8 kobolds
  5 kobold zombies (Ossuary)
  6 orc zombies (Ossuary)
  2 quokka zombies (D:6)
  4 rats
132 creatures vanquished.

Vanquished Creatures (others)
  An orc wizard (D:7)
1 creature vanquished.

Grand Total: 133 creatures vanquished

Notes
Turn   | Place    | Note
-------+----------+-------------------------------------------
     0 | D:1      | Nelagord the Octopode Assassin began the quest for the Orb.
     0 | D:1      | Reached XP level 1. HP: 14/14 MP: 1/1
   152 | D:1      | Reached XP level 2. HP: 8/20 MP: 2/2
   766 | D:1      | Reached XP level 3. HP: 25/25 MP: 3/3
  1527 | D:2      | Reached XP level 4. HP: 29/31 MP: 4/4
  2147 | D:3      | Found a faded altar of an unknown god.
  2315 | D:3      | Found a sacrificial altar of Ru.
  2662 | D:3      | You fall through a shaft for 3 floors!
  2672 | D:6      | Found a sand-covered staircase.
  2681 | Ossuary  | Entered an ossuary
  2704 | Ossuary  | Reached skill level 6 in Stealth
  2704 | Ossuary  | Reached XP level 5. HP: 28/37 MP: 5/5
  2895 | Ossuary  | Reached XP level 6. HP: 28/43 MP: 6/6
  3427 | D:6      | HP: 1/44 [orc priest/divine providence (17)]
  3750 | D:6      | Reached XP level 7. HP: 49/49 MP: 7/7
  3777 | D:6      | Noticed a cyclops
  3783 | D:6      | Killed a cyclops
  3783 | D:6      | Reached skill level 5 in Fighting
  3783 | D:6      | Reached skill level 5 in Dodging
  3783 | D:6      | Reached skill level 7 in Stealth
  3887 | D:6      | Reached XP level 8. HP: 50/57 MP: 8/8
  3928 | D:6      | Found a shadowy altar of Dithmenos.
  3935 | D:6      | Became a worshipper of Dithmenos the Shadowed
  4189 | D:6      | Reached skill level 8 in Stealth
  5005 | D:7      | Found a sparkling altar of Nemelex Xobeh.
  5139 | D:7      | Found a bloodstained altar of Trog.
  5208 | D:8      | Found a staircase to the Lair.
  5228 | D:8      | Killed from afar by a hell hound

Skill      XL: |  1  2  3  4  5  6  7  8 |
---------------+-------------------------+-----
Dodging        | 2 3 4 5 7 |  7.0
Fighting       | 3 4 5 7 |  7.1
Stealth        | 6 7 8 |  8.7
Short Blades   | |  2.0
Throwing       | |  2.0

Action                   |  1- 3 |  4- 6 |  7- 9 || total
-------------------------+-------+-------+-------++-------
Melee: Dagger            |    91 |   190 |   168 ||   449
       Constrict         |    20 |    46 |    30 ||    96
       Tentacles         |    17 |    40 |    47 ||   104
  Use: Scroll            |     2 |    10 |     2 ||    14
       Potion            |       |    12 |     3 ||    15
 Stab: Sleeping          |     8 |    11 |     5 ||    24
       Invisible         |       |       |     2 ||     2
  Eat: Bread ration      |       |     2 |     1 ||     3
       Royal jelly       |       |       |     1 ||     1
Armor: Skin              |    23 |    42 |    38 ||   103
Dodge: Dodged            |    60 |   162 |   165 ||   387
